 Dungeon Crawl Stone Soup version 0.30-a0-465-g8901f6c8b5 (webtiles) character file.

Game seed: 1189670070637527162

1854 NinjaNoafa the Summoner (level 8, -3/31 HPs)
             Began as a Felid Summoner on Dec 18, 2022.
             Was an Initiate of Gozag.
             Shot with an arrow by a centaur (15 damage)
             ... on level 7 of the Dungeon.
             The game lasted 00:16:55 (11399 turns).

NinjaNoafa the Summoner (Felid Summoner)           Turns: 11399, Time: 00:16:55

Health: -3/31      AC:  2    Str: 10    XL:     8   Next: 89%
Magic:  18/21      EV: 17    Int: 21    God:    Gozag
Gold:   597        SH:  0    Dex: 16    Spells: 10/23 levels left
                                        Lives:  0   Deaths: 2

rFire   . . .      SeeInvis +    (weapon unavailable)
rCold   . . .      Faith    .    (shield unavailable)
rNeg    . . .      Spirit   .    (body armour unavailable)
rPois   .          Reflect  .    (helmet unavailable)
rElec   .          Harm     .    (cloak unavailable)
rCorr   .          Rampage  .    (gloves unavailable)
Will    ++...                    (boots unavailable)
Stlth   +++.......               (no amulet)
HPRegen 0.25/turn                b - +6 ring of strength
MPRegen 0.17/turn                r - ring of willpower

@: quick
A: very small, claws 1, fangs 3, see invisible, speed 1, shaggy fur 2, stealthy
paws, no weapons or thrown items, no armour, multi-lived
a: Renounce Religion, Potion Petition, Call Merchant, Bribe Branch


You were on level 7 of the Dungeon.
You worshipped Gozag.
Gozag was pleased with you.
You visited 2 branches of the dungeon, and saw 8 of its levels.

You collected 747 gold pieces.
You paid 150 gold pieces to Gozag.

Inventory:

Jewellery
 b - a +6 ring of strength (left paw)
 r - a ring of willpower (right paw)
 t - a ring of fire
 x - a ring of resist corrosion
Wands
 p - a wand of mindburst (9)
 y - a wand of paralysis (10)
Scrolls
 c - a scroll of torment
 d - a scroll of amnesia {unknown}
 f - 9 scrolls of identify
 h - a scroll of poison {unknown}
 j - a scroll of vulnerability {unknown}
 k - a scroll of magic mapping {unknown}
 v - a scroll of fear {unknown}
 w - a scroll of teleportation {unknown}
 A - a scroll of acquirement {unknown}
Potions
 a - a potion of magic
 e - 3 potions of heal wounds {unknown}
 g - 2 potions of mutation {unknown}
 i - 2 potions of berserk rage {unknown}
 l - a potion of flight {unknown}
 m - 2 potions of curing
 n - 2 potions of brilliance {unknown}
 o - a potion of degeneration {unknown}
 q - a potion of haste {unknown}
 s - a potion of cancellation {unknown}
 u - 2 potions of might
 z - a potion of lignification {unknown}


   Skills:
 - Level 2.6 Dodging
 - Level 6.0 Stealth
 + Level 8.4 Spellcasting
 - Level 5.0 Hexes
 + Level 9.8 Summonings
 * Level 4.4 Air Magic


You had 10 spell levels left.
You knew the following spells:

 Your Spells              Type           Power      Damage    Failure   Level
a - Summon Small Mammal   Summ           100%       N/A       1%          1
b - Call Imp              Summ           49%        N/A       1%          2
c - Call Canine Familiar  Summ           49%        N/A       1%          3
d - Summon Guardian Gole  Hex/Summ       39%        N/A       1%          3
e - Summon Lightning Spi  Summ/Air       38%        N/A       4%          4

Your spell library contained the following spells:

 Spells                   Type           Power      Damage    Failure   Level
 Magic Dart               Conj           32%        1d4       8%          1
 Dazzling Flash           Conj/Hex       38%        N/A       9%          3
 Searing Ray              Conj           16%        2d5       12%         2
 Fulminant Prism          Conj/Hex       9%         3d7       26%         4
 Silence                  Hex/Air        14%        N/A       30%         5
 Agony                    Necr           8%         N/A       91%         5


Dungeon Overview and Level Annotations

Branches:
Dungeon (7/15)             Temple (1/1) D:7

Altars:
Ashenzari
Cheibriados
Dithmenos
Elyvilon
Fedhas
Gozag
Kikubaaqudgha
Makhleb
Nemelex Xobeh
Okawaru
Qazlal
Ru
Sif Muna
Trog
Uskayaw
Vehumet
Xom
Yredelemnul
Zin

Shops:
D:5 [


Innate Abilities, Weirdness & Mutations

You have sharp claws.
You have razor-sharp teeth.
You have supernaturally acute eyesight. (SInv)
You cover ground quickly. (Speed+)
You are covered in thick fur. (AC +2)
Your paws help you pounce on unaware monsters.
You are incapable of wielding weapons or throwing items.
You cannot wear armour.
You gain extra lives every three experience levels.


Message History

You now have 518 gold pieces (gained 10).
You see here a +0 trident.
You now have 527 gold pieces (gained 9).
Things that are here:
a boomerang; a +0 dagger Key pressed, stopping explore.
Found 4 stones.
Key pressed, stopping explore.
You see here 4 stones.
Found a robe.
A - a scroll labelled HAREQIDWIE You now have 543 gold pieces (gained 16).
i - 2 murky orange potions (gained 1)
You now have 548 gold pieces (gained 5).
There is a fountain of clear blue water here.
You now have 565 gold pieces (gained 17).
You now have 579 gold pieces (gained 14).
You now have 584 gold pieces (gained 5).
Key pressed, stopping explore.
You now have 597 gold pieces (gained 13).
A centaur is nearby!
Casting: Summon Lightning Spire (quite dangerous; 4% risk of failure)
Confirm with . or Enter, or press ? or * to list all spells.
A guardian golem appears, shielding your allies.
The centaur wields a +0 shortbow.
The centaur shoots an arrow.
The arrow hits you!
The centaur shoots an arrow.
The arrow hits you. What are your orders? t - Meow!
Orders for allies: a - Attack new target. r - Retreat! s - Stop attacking. g - Guard the area. f - Follow me.
Anything else - Cancel.
Gang up on whom?
Press: ? - help, Dir - move target, f - centaur
Aim: a centaur, wielding a +0 shortbow Attack!
The centaur shoots an arrow.
The arrow hits you.
The centaur shoots an arrow.
The arrow hits you!
You die...
Your body crumbles into a pile of gold.

... ... ..## #.### # ....
#..##### ....#.# ##....##......#
....#.#...## #..##.........#
.[..........####.....##...##.#
....#.........##..#..##...##.#
....#..........#c# #.........#
#.#####.###......###....>....###
...⌠#.....#.....@9.............##
....#.8.8.#..........##...##...[.
.⌠.....8..........##.##...##.....
....#.8.8^#.......##.........####
...⌠#.....#.......###...##....###
#.#####.###.###...# ##..#####....
...##.......# #...####.<# ####.
....#..###### #....##..## ###.
.#.....# ##...##### ##...


You could see a centaur (ally target) and a friendly guardian golem (summoned).

Vanquished Creatures
  Eustachio (D:4)
  A hobgoblin (D:3)
2 creatures vanquished.

Vanquished Creatures (collateral kills)
  Sigmund (D:3)
  2 yaks (D:7)
  A water moccasin (D:7)
  2 orc warriors
  An ice beast (D:7)
  2 ogres
  A kobold brigand (D:7)
  A necrophage (D:7)
  2 bullfrogs (D:7)
  A scorpion (D:7)
  2 wights (D:7)
  3 hounds
  4 jellies
  Crazy Yiuf (D:3)
  3 orc priests
  7 iguanas
  Ijyb (D:3)
  Natasha (thrice) (D:3)
  3 orc wizards
  5 adders
  A nameless horror (D:7)
  2 shadow imps (D:5)
  An ufetubus (D:5)
  4 worms
  4 dart slugs
  20 orcs
  4 ball pythons
  10 endoplasms
  A giant cockroach (D:2)
  6 goblins
  6 hobgoblins
  4 quokkas
  4 bats
  2 frilled lizards (D:1)
  12 kobolds
  7 rats
134 creatures vanquished.

Vanquished Creatures (others)
  A manticore (D:7)
  A hornet (D:7)
  A yak (D:7)
  Menkaure (D:6)
  A water moccasin (D:7)
  2 ogres
  2 scorpions
  5 wights
  A hound (D:6)
  An orc priest (D:4)
  A jelly (D:6)
  An iguana (D:6)
  An adder (D:4)
  An orc (D:4)
  2 kobolds (D:7)
  A fungus (D:7)
23 creatures vanquished.

Grand Total: 159 creatures vanquished

Notes
Turn   | Place    | Note
-------+----------+-------------------------------------------
     0 | D:1      | NinjaNoafa the Felid Summoner began the quest for the Orb.
     0 | D:1      | Reached XP level 1. HP: 7/7 MP: 4/4
   318 | D:1      | Reached XP level 2. HP: 11/11 MP: 1/6
   392 | D:1      | Learned a level 2 spell: Call Imp
   432 | D:1      | Found a faded altar of an unknown god.
  1439 | D:2      | Reached skill level 5 in Stealth
  1621 | D:2      | Reached XP level 3. HP: 11/14 MP: 3/7
  2187 | D:2      | Learned a level 3 spell: Call Canine Familiar
  2547 | D:3      | Found a runed translucent door.
  2548 | D:3      | Noticed Crazy Yiuf
  3013 | D:3      | Noticed Sigmund
  3013 | D:3      | Noticed Ijyb
  3071 | D:3      | Noticed Natasha
  3080 | D:3      | Killed Natasha
  3081 | D:3      | Reached XP level 4. HP: 11/18 MP: 2/8
  3319 | D:3      | Found an iron altar of Okawaru.
  3348 | D:3      | Found a shadowy altar of Dithmenos.
  3351 | D:3      | Found a sparkling altar of Nemelex Xobeh.
  3354 | D:3      | Found a stormy altar of Qazlal.
  3507 | D:3      | Killed Sigmund
  3508 | D:3      | Reached XP level 5. HP: 21/21 MP: 7/10
  3580 | D:3      | Noticed Natasha
  3596 | D:3      | Killed Natasha
  3597 | D:3      | Reached skill level 5 in Summonings
  3597 | D:3      | Gained mutation: You are covered in thick fur. (AC +2)
                  | [Felid growth]
  3597 | D:3      | Reached XP level 6. HP: 24/24 MP: 4/11
  3614 | D:3      | Killed Ijyb
  3744 | D:3      | Noticed Natasha
  3753 | D:3      | Killed Natasha
  3990 | D:3      | Killed Crazy Yiuf
  4143 | D:4      | Learned a level 3 spell: Summon Guardian Golem
  4349 | D:4      | Noticed Eustachio
  4853 | D:4      | Reached XP level 7. HP: 27/27 MP: 5/14
  5464 | D:4      | Killed Eustachio
  5465 | D:4      | Reached skill level 5 in Hexes
  6262 | D:5      | Entered Level 5 of the Dungeon
  6360 | D:5      | Reached skill level 6 in Summonings
  6868 | D:5      | Reached skill level 5 in Spellcasting
  6998 | D:5      | Reached XP level 8. HP: 31/31 MP: 13/16
  7029 | D:5      | Found Qaiwy's Antique Armour Shoppe.
  8060 | D:6      | Reached skill level 7 in Summonings
  8466 | D:6      | Noticed Menkaure
  8477 | D:6      | Killed Menkaure
  8797 | D:6      | Reached skill level 8 in Summonings
  9646 | D:7      | Found a staircase to the Ecumenical Temple.
  9655 | Temple   | Entered the Ecumenical Temple
  9810 | Temple   | Became a worshipper of Gozag Ym Sagoz the Greedy
  9903 | D:7      | Found a broken altar of Ashenzari.
 10023 | D:7      | Noticed a hornet
 10032 | D:7      | Killed a hornet
 10033 | D:7      | Reached XP level 9. HP: 34/34 MP: 13/20
 10083 | D:7      | Reached skill level 9 in Summonings
 10261 | D:7      | Learned a level 4 spell: Summon Lightning Spire
 10364 | D:7      | Reached skill level 1 in Air Magic
 10625 | D:7      | Slain by a yak
 10626 | D:7      | Reached XP level 8. HP: -2/31 MP: 6/20
 10793 | D:7      | Noticed a manticore
 10805 | D:7      | Killed from afar by a manticore
 10806 | D:7      | Reached XP level 7. HP: -8/27 MP: 14/19
 10812 | D:7      | Found a white marble altar of Elyvilon.
 10857 | D:7      | Killed a yak
 10897 | D:7      | Killed a yak
 10898 | D:7      | Reached XP level 8. HP: 31/31 MP: 9/21
 11176 | D:7      | Killed a manticore
 11399 | D:7      | Shot with an arrow by a centaur

Illustrated notes

Levels and vault maps discovered:
D:1:      amcnicky_arrival_wind_blow, layout_basic,
          hellmonk_ecumenical_altar_heavens_door, minmay_misc_feat_pillars
D:2:      layout_basic
D:3:      layout_basic, grunt_temple_overflow_cloverleaf, uniq_sigmund,
          uniq_natasha, uniq_crazy_yiuf_cottage, uniq_ijyb
D:4:      layout_layer_cave, uniq_eustachio
D:5:      layout_layer_cave, serial_shops, shop
D:6:      minmay_general_purpose_star, layout_loops_corners,
          nicolae_kite_square_tiling_tiny, uniq_menkaure
D:7:      layout_cave_pods, elyvilon_altar_1, mainiacjoe_overflow_24_doors,
          minmay_temple_entry_stoned_glass, minmay_chambers_of_fives
Temple:   hellmonk_temple_forest_ring

Skill      XL: |  1  2  3  4  5  6  7  8  9 |
---------------+----------------------------+-----
Stealth        | 3 5 6 |  6.0
Spellcasting   | 3 4 8 7 |  8.4
Hexes          | 2 4 5 |  5.0
Summonings     | 5 6 8 9 |  9.8
Air Magic      | 3 4 1 |  4.4
Dodging        | |  2.6

Action                   |  1- 3 |  4- 6 |  7- 9 || total
-------------------------+-------+-------+-------++-------
Melee: Unarmed           |     3 |       |     2 ||     5
       Bite              |       |       |     1 ||     1
 Cast: Summon Small Mamm |    66 |    18 |    59 ||   143
       Call Imp          |    22 |    14 |    37 ||    73
       Call Canine Famil |     4 |    17 |    37 ||    58
       Summon Guardian G |       |     3 |    32 ||    35
       Summon Lightning  |       |       |     9 ||     9
Evoke: Wand              |       |       |     3 ||     3
  Use: Potion            |       |       |     3 ||     3
       Scroll            |       |       |     1 ||     1
Armor: Skin              |     8 |     5 |    17 ||    30
Dodge: Dodged            |    45 |    33 |   113 ||   191

Table legend: (Time is in decaauts)
 A = Elapsed time spent in this place.
 B = Non-inter-level travel time spent in this place.
 C = Inter-level travel time spent in this place.
 D = Time resting spent in this place.
 E = Time spent auto-exploring this place.
 F = Levels seen in this place.
 G = Mean time per level.
                   A        B        C        D        E       F      G
               +--------+--------+--------+--------+--------+-----+--------+
         Total |  10034 |   9635 |    399 |      0 |   7328 |   8 | 1254.2 |
       Dungeon |   9897 |   9527 |    370 |      0 |   7228 |   7 | 1413.9 |
        Temple |    137 |    109 |     28 |      0 |    100 |   1 |  137.0 |
               +--------+--------+--------+--------+--------+-----+--------+

Top non-repeatable levels by time:
     D:4: 1815 daAuts
     D:6: 1539 daAuts
     D:5: 1470 daAuts
     D:3: 1451 daAuts
     D:7: 1354 daAuts
     D:2: 1281 daAuts
     D:1: 984 daAuts
  Temple: 137 daAuts
